 Dungeon Crawl Stone Soup version 0.31-a0-369-g8eba5f6939 (webtiles) character file.

Game seed: 15467308879224013703

1830 Dirtsage the Mimic (level 9, -3/56 HPs)
             Began as an Octopode Shapeshifter on July 28, 2023.
             Was a Follower of the Shining One.
             Blown up by Pikel (20 damage)
             ... with a mindburst bolt
             ... on level 7 of the Dungeon.
             The game lasted 00:18:38 (6807 turns).

Dirtsage the Mimic (Octopode Shapeshifter)          Turns: 6807, Time: 00:18:38

Health: -3/56      AC:  1    Str: 17    XL:     9   Next: 11%
Magic:  9/9        EV: 13    Int: 12    God:    the Shining One [*.....]
Gold:   294        SH:  0    Dex: 12    Spells: 8/8 levels left

rFire   . .          .
                       - Unarmed
rCold   . . .        (no shield)
rNeg    . . .        (helmet restricted)
rPois   .            p - amulet of magic regeneration
rElec   .            S - ring of see invisible
rCorr   .            (no ring)
SInv    +            (no ring)
Will    .....        (no ring)
Stlth   +            (no ring)
HPRegen 0.29/turn    (no ring)
MPRegen 0.51/turn    (no ring)
                     (no ring)

%: no passive effects
@: maw-form, glowing
A: devouring maw, reduced hp, almost no armour, amphibious, 8 rings, camouflage
1, gelatinous body 1, (nimble swimmer 1), tentacles
a: Begin Untransformation, Renounce Religion, Divine Shield


You were on level 7 of the Dungeon.
You worshipped the Shining One.
The Shining One was aware of your devotion.
You were a creature with a mouth for a stomach.
You visited 2 branches of the dungeon, and saw 8 of its levels.

You collected 385 gold pieces.
You spent 91 gold pieces at shops.

Inventory:

Hand Weapons
 l - the +10 mace "Sityanil" {flame, Fragile rN+++ rCorr Int+2}
   (You found it on level 2 of the Dungeon)

   Int:       It affects your intelligence (+2).
   rN:        It renders you almost immune to negative energy.
   rCorr:     It protects you from acid and corrosion.
   Fragile:   It will be destroyed if unequipped.
Missiles
 n - 4 throwing nets
Magical Staves
 h - a staff of cold
Jewellery
 p - an amulet of magic regeneration (around mantle)
 S - a ring of see invisible (left tentacle)
Talismans
 b - a beast talisman
 i - a maw talisman
Wands
 k - a wand of flame (23)
 w - a wand of mindburst (12)
Scrolls
 c - 3 scrolls of fog {unknown}
 f - 2 scrolls of immolation {unknown}
 g - 4 scrolls of fear
 j - a scroll of summoning
 o - 2 scrolls of revelation
 t - 2 scrolls of teleportation
 u - a scroll of vulnerability
 v - 2 scrolls of amnesia
Potions
 a - 3 potions of lignification
 d - 2 potions of mutation {unknown}
 e - 2 potions of curing {unknown}
 m - a potion of haste {unknown}
 q - a potion of degeneration {unknown}
 r - a potion of brilliance {unknown}
 s - 2 potions of heal wounds {unknown}
 x - a potion of resistance {unknown}


   Skills:
 - Level 4.5 Fighting
 - Level 2.0 Dodging
 - Level 5.4 Unarmed Combat
 * Level 8.6 Shapeshifting


You had 8 spell levels left.
You didn't know any spells.
Your spell library contained the following spells:

 Spells                   Type           Power      Damage    Failure   Level
 Poisonous Vapours        Pois/Air       0%         N/A       45%         2
 Mephitic Cloud           Conj/Pois/Air  0%         N/A       69%         3
 Volatile Blastmotes      Fire/Tloc      0%         2d10      69%         3
 Fulminant Prism          Conj/Hex       0%         3d5       97%         4
 Iskenderun's Mystic Bla  Conj/Tloc      0%         2d3       97%         4
 Freezing Cloud           Conj/Ice/Air   0%         6-21      100%        5


Dungeon Overview and Level Annotations

Branches:
Dungeon (7/15)             Temple (1/1) D:5

Altars:
Ashenzari
Cheibriados
Dithmenos
Elyvilon
Fedhas
Gozag
Hepliaklqana
Kikubaaqudgha
Makhleb
Qazlal
Ru
Sif Muna
Trog
Uskayaw
Vehumet
Yredelemnul
Zin
The Shining One

Shops:
D:2 *   D:6 ?

Annotations:
D:7 Pikel


Innate Abilities, Weirdness & Mutations

You are a creature with a mouth for a stomach.
Your midsection houses a second, enormous mouth.
Your maximum health is decreased, since you lack skill for your form.
You cannot wear most types of armour.
You are amphibious.
You can wear up to eight rings at the same time.
Your skin changes colour to match your surroundings (Stealth+).
Your rubbery body absorbs attacks. (AC +1, EV +1)
((You are camouflaged when in or above water. (Stealth+)))
You have tentacles for arms and can constrict up to eight enemies at once.


Message History

You constrict the iguana, but do no damage.
The iguana bites you!
You take 14 damage, and have 26/56 hp.
MASSIVE DAMAGE!!
You tentacle-slap the iguana.
You devour the iguana!
You feel better.
You kill the iguana!
You regained 5 hp, and now have 31/56 hp.
v - 2 scrolls of amnesia (gained 1) Pikel is nearby!
Health restored: 56 Pikel shouts!
Pikel says, "Antaeus said I was his favorite kobold.
Me!"
Aiming: Mindburst
Press: ? - help, Shift-Dir - straight line, f - Pikel
Aim: Pikel, wielding a +2 whip of flaming, wearing a +0 robe and carrying a wand of mindburst (chance to affect: 64%) Pikel struggles to resist.
You hear a shout!
You tentacle-slap Pikel. You grab Pikel. You squeeze Pikel. You bite Pikel.
Pikel is moderately wounded.
You constrict Pikel, but do no damage.
Pikel hits you with a +2 whip of flaming!
Pikel burns you!
You take 21 damage, and have 35/56 hp.
MASSIVE DAMAGE!!
You bludgeon Pikel! You squeeze Pikel.
Pikel is severely wounded.
You constrict Pikel, but do no damage.
Pikel hits you with a +2 whip of flaming.
Pikel burns you.
You take 7 damage, and have 28/56 hp.
You tentacle-slap Pikel but do no damage.
You bite Pikel, but do no damage.
Pikel is severely wounded.
You constrict Pikel.
Pikel hits you with a +2 whip of flaming!
Pikel burns you.
* * * LOW HITPOINT WARNING * * *
You take 12 damage, and have 16/56 hp.
MASSIVE DAMAGE!!
You bludgeon Pikel! You bite Pikel, but do no damage.
Pikel is almost dead.
You constrict Pikel, but do no damage.
Pikel zaps a wand.
Your mind is blasted!
You die...

# #.#
##.#......#)# ##
##.# #..#.......#
.####.##
##...#####.###
..#...## ##..##
##..# #......#
#....# ####
#..#....# #..#..#
..#........####.##
...........# ##.#
##.....#...# #W##
###..##...# ##K#
##.. .... #...#
... ..#....
...##.### .....
#.# ...... .#
###..5. # ###.##


You could see Pikel and a lemure (wandering).

Vanquished Creatures
  A steam dragon (D:6)
  A black bear (D:6)
  An ice beast (D:6)
  An ogre (D:3)
  A lemure (D:7)
  2 phantoms
  A kobold brigand (D:5)
  4 scorpions
  2 howler monkeys
  4 hounds (D:5)
  A jelly (D:4)
  An orc priest (D:7)
  2 sleepcaps
  4 iguanas
  An orc wizard (D:7)
  23 gnolls (D:3)
  14 adders
  4 white imps
  2 ufetubi (D:5)
  A worm (D:5)
  24 orcs
  7 endoplasms
  5 giant cockroaches
  7 goblins
  9 hobgoblins
  13 jackals (D:3)
  5 quokkas
  8 ball pythons
  7 bats
  4 frilled lizards
  27 kobolds
  5 rats
192 creatures vanquished.

Notes
Turn   | Place    | Note
-------+----------+-------------------------------------------
     0 | D:1      | Dirtsage the Octopode Shapeshifter began the quest for the
                  | Orb.
     0 | D:1      | Reached XP level 1. HP: 13/13 MP: 1/1
   111 | D:1      | Reached XP level 2. HP: 14/18 MP: 2/2
   545 | D:1      | Reached XP level 3. HP: 18/23 MP: 3/3
  1006 | D:2      | Reached skill level 4 in Shapeshifting
  1142 | D:2      | Found a faded altar of an unknown god.
  1291 | D:2      | Reached XP level 4. HP: 20/28 MP: 4/4
  1294 | D:2      | Identified the +10 mace "Sityanil" {flame, Fragile rN+++
                  | rCorr Int+2}
  1466 | D:2      | Found Ucaestruo's General Store.
  1665 | D:3      | Noticed a scorpion
  1671 | D:3      | Killed a scorpion
  1672 | D:3      | Reached skill level 5 in Shapeshifting
  1672 | D:3      | Reached XP level 5. HP: 14/33 MP: 5/5
  2021 | D:3      | Noticed an ogre
  2067 | D:3      | Reached XP level 6. HP: 12/38 MP: 6/6
  2170 | D:3      | Reached skill level 6 in Shapeshifting
  2793 | D:3      | Reached XP level 7. HP: 43/43 MP: 7/7
  2857 | D:3      | Found a glowing golden altar of the Shining One.
  2986 | D:3      | Reached skill level 7 in Shapeshifting
  4266 | D:3      | Became a worshipper of the Shining One
  4325 | D:4      | Found a burning altar of Makhleb.
  4332 | D:4      | Found a hazy altar of Hepliaklqana.
  4589 | D:5      | Entered Level 5 of the Dungeon
  4724 | D:5      | Reached XP level 8. HP: 45/50 MP: 8/8
  5376 | D:5      | Found a staircase to the Ecumenical Temple.
  5583 | Temple   | Entered the Ecumenical Temple
  5689 | D:6      | Reached skill level 8 in Shapeshifting
  5732 | D:6      | Found Maby Bio's Magic Scroll Shoppe.
  5741 | D:6      | Bought a scroll of fear for 52 gold pieces
  5741 | D:6      | Bought a scroll of teleportation for 39 gold pieces
  5775 | D:6      | Found a radiant altar of Vehumet.
  5911 | D:6      | Reached * piety under the Shining One
  5964 | D:6      | Reached skill level 5 in Unarmed Combat
  6032 | D:6      | Found a shimmering blue altar of Sif Muna.
  6401 | D:7      | Noticed Pikel
  6484 | D:7      | Reached XP level 9. HP: 47/59 MP: 9/9
  6807 | D:7      | Blown up by Pikel

Illustrated notes

Levels and vault maps discovered:
D:1:      sevenhm_arrival_forest_fort_large_4, layout_basic,
          serial_corexii_hall, chequers_hall_statues_wall_a,
          chequers_hall_statues_y, wander_ebering_terrifying_dragon_lair
D:2:      layout_rooms, hellmonk_ecumenical_altar_zigzags, serial_shops, shop
D:3:      lemuel_castle_with_subvaults [lemuel_castle_interior_original],
          layout_loops_ring, nicolae_overflow_hidden_temple
D:4:      layout_cave_pools, mainiacjoe_overflow_catwalk_spiral,
          nicolae_elevator_lobby_asterisk
D:5:      kennysheep_kobold_camp, layout_basic,
          minmay_temple_entry_enclosed_plants
D:6:      layout_basic, mainiacjoe_overflow_brackets,
          mainiacjoe_overflow_24_doors, serial_shops, shop, serial_aquarium,
          aquarium_bridge_square [aquarium_subvault_bridge,
          aquarium_subvault_wall, aquarium_subvault_window,
          aquarium_subvault_window], aquarium_window_fake,
          aquarium_window_corridor_2, aquarium_window_fake, aquarium_view_2f,
          aquarium_view_2f
D:7:      layout_layer_cave, minmay_misc_feat_alley,
          hangedman_decor_diamond_cutter, uniq_pikel
Temple:   compressed_dpeg_triangle_lava_temple

Skill      XL: |  1  2  3  4  5  6  7  8 |
---------------+-------------------------+-----
Shapeshifting  | 4 5 6 7 8 |  8.6
Fighting       | 2 4 |  4.5
Unarmed Combat | 5 |  5.4
Dodging        | |  2.0

Action                     |  1- 3 |  4- 6 |  7- 9 || total
---------------------------+-------+-------+-------++-------
  Melee: Unarmed           |    70 |   107 |   198 ||   375
         Constrict         |    16 |    34 |    62 ||   112
         Tentacles         |    10 |    26 |    47 ||    83
         Punch             |     1 |     3 |    13 ||    17
         Maw               |       |       |    12 ||    12
  Evoke: Wand              |       |       |     1 ||     1
    Use: Scroll            |       |       |     7 ||     7
   Stab: Sleeping          |     9 |     6 |     4 ||    19
 Armour: Skin              |     5 |     2 |     8 ||    15
  Dodge: Dodged            |    31 |    43 |    76 ||   150
   Form: Maw               |       |       |     1 ||     1

Table legend: (Time is in decaauts)
 A = Elapsed time spent in this place.
 B = Non-inter-level travel time spent in this place.
 C = Inter-level travel time spent in this place.
 D = Time resting spent in this place.
 E = Time spent auto-exploring this place.
 F = Levels seen in this place.
 G = Mean time per level.
                   A        B        C        D        E       F      G
               +--------+--------+--------+--------+--------+-----+--------+
         Total |   6783 |   6540 |    243 |     73 |   5205 |   8 |  847.9 |
       Dungeon |   6782 |   6539 |    243 |     73 |   5205 |   7 |  968.9 |
        Temple |      1 |      1 |      0 |      0 |      0 |   1 |    1.0 |
               +--------+--------+--------+--------+--------+-----+--------+

Top non-repeatable levels by time:
     D:3: 2120 daAuts
     D:5: 1007 daAuts
     D:1: 925 daAuts
     D:4: 849 daAuts
     D:6: 834 daAuts
     D:2: 681 daAuts
     D:7: 363 daAuts
  Temple: 1 daAuts
